 Dungeon Crawl Stone Soup version 0.25-a0-681-gdf4e720381 (console) character file.

Game seed: 9966015941381029421, levelgen mode: classic

2 Duffy the Skirmisher (level 1, 2/21 HPs)
             Began as a Naga Fighter on Mar 30, 2020.
             Quit the game on level 1 of the Dungeon.
             The game lasted 00:00:15 (55 turns).

Duffy the Skirmisher (Naga Fighter)                   Turns: 55, Time: 00:00:16

Health: 2/21       AC:  3    Str: 18    XL:     1   Next: 40%
Magic:  1/1        EV:  5    Int:  8    God:
Gold:   11         SH:  8    Dex: 10    Spells: 0/0 levels left

rFire    . . .     SeeInvis +   a - +0 war axe
rCold    . . .     Gourm    .   c - +0 kite shield
rNeg     . . .     Faith    .   b - +0 scale mail
rPois    +         Spirit   .   (no helmet)
rElec    .         Reflect  .   (no cloak)
rCorr    .         Harm     .   (no gloves)
MR       .....                  (no barding)
Stlth    ..........             (no amulet)
HPRegen  0.07/turn              (no ring)
MPRegen  0.07/turn              (no ring)

@: short of breath, very slow
A: large, see invisible, deformed body, poison resistance, slowness 2, slow
metabolism 1, spit poison 1, AC +0
a: Spit Poison


You were on level 1 of the Dungeon.
You were not hungry.

You visited 1 branch of the dungeon, and saw 1 of its levels.

You collected 11 gold pieces.

Inventory:

Hand Weapons
 a - a +0 war axe (weapon)
Armour
 b - a +0 scale mail (worn)
 c - a +0 kite shield (worn)
Potions
 d - a potion of might
Comestibles
 f - a ration


   Skills:
 - Level 3.0 Fighting
 + Level 2.0 Axes
 - Level 2.4 Armour
 * Level 2.5 Shields


You couldn't memorise any spells.
You didn't know any spells.
Your spell library was empty.

Dungeon Overview and Level Annotations

Branches:
Dungeon (1/15)

Altars:


Innate Abilities, Weirdness & Mutations

You cannot wear boots.
Your serpentine skin is tough. (AC +0)
You have supernaturally acute eyesight. (SInv)
Armour fits poorly on your strangely shaped body.
Your system is resistant to poisons. (rPois)
You cover ground very slowly.
You have a slow metabolism.
You can spit poison.


Message History

The jackal barks!
The bat hits you but does no damage. The goblin barely misses you.
The jackal barely misses you.
The jackal moves out of view.
Your shield and scale mail prevent you from hitting the jackal.
You barely miss the hobgoblin. You hit the bat.
You kill the bat!
Your shield prevents you from hitting the goblin.
You block the bat's attack. The hobgoblin barely misses you.
The jackal bites you. The bat hits you but does no damage.
A frilled lizard comes into view.
You block the goblin's attack.
The hobgoblin hits you but does no damage.
The frilled lizard hisses angrily.
The bat hits you but does no damage.
A jackal comes into view.
The jackal bites you.
The jackal bites you but does no damage.
The bat hits you. The goblin barely misses you. You block the jackal's attack.
The jackal bites you. The goblin hits you but does no damage.
Are you sure you want to abandon this character and quit the game? (Confirm with "yes".)

#.#####.##..............
###~~~..................
#}....................
########^....)........
#.........?....
#####........#
.######((..h...##
......#.h(.......
.....bg@#........
......hb#........
......%g####.....
........# #####
........# .......l#
......... .........
.........


You could see 3 jackals, a hobgoblin, a goblin, 2 bats and a frilled lizard.

Vanquished Creatures
  2 bats (D:1)
  A kobold (D:1)
3 creatures vanquished.

Notes
Turn   | Place    | Note
-------+----------+-------------------------------------------
     0 | D:1      | Duffy the Naga Fighter began the quest for the Orb.
     0 | D:1      | Reached XP level 1. HP: 21/21 MP: 1/1
    55 | D:1      | Quit the game

Levels and vault maps discovered:
D:1:      sevenhm_arrival_forest_fort_small_3, layout_basic

Action                   || total
-------------------------++-------
Melee: War axe           ||    15
 Abil: Spit Poison       ||     1
Armor: Scale mail        ||    24
Dodge: Dodged            ||    12
Block: Kite shield       ||    18

Table legend:
 A = Non-vault XP
 B = Vault XP
 C = Vault XP percentage of total XP
 D = Non-vault monster count
 E = Vault monster count
 F = Vault count percentage of total count
                 A         B        C        D         E       F
            +---------+---------+-------+---------+---------+-------
      Total |       4 |       0 |   0.0 |       3 |       0 |   0.0
            +---------+---------+-------+---------+---------+-------
        D:1 |       4 |       0 |   0.0 |       3 |       0 |   0.0
            +---------+---------+-------+---------+---------+-------
